 Dungeon Crawl Stone Soup version 0.20-a0-945-g3bf614a (webtiles) character file.

208 Duffy the Chopper (level 5, -4/49 HPs)
             Began as a Naga Fighter on Apr 1, 2017.
             Was a Believer of Cheibriados.
             Slain by a mummy (6 damage)
             ... on level 4 of the Dungeon.
             The game lasted 00:02:44 (2535 turns).

Duffy the Chopper (Naga Fighter)                    Turns: 2535, Time: 00:02:45

Health: -4/49      AC:  8    Str: 29    XL:     5   Next: 86%
Magic:  6/6        EV:  4    Int: 12    God:    Cheibriados [**....]
Gold:   70         SH: 10    Dex: 14    Spells: 4/4 levels left

rFire    . . .     SeeInvis +   a - +0 war axe
rCold    . . .     Gourm    .   c - +0 shield
rNeg     . . .     Faith    .   r - +0 chain mail
rPois    +         Spirit   .   m - +1 helmet
rElec    .         Reflect  .   (no cloak)
rCorr    .         Harm     .   (no gloves)
MR       .....                  (no barding)
Stlth    ..........             (no amulet)
Regen    0.2/turn               (no ring)
MPRegen  0.1/turn               (no ring)

@: mighty, very slightly contaminated, very slow
A: see invisible, deformed body, poison resistance, slowness 2, slow metabolism
1, spit poison 1, AC +1
a: Spit Poison, Bend Time, Renounce Religion


You were on level 4 of the Dungeon.
You worshipped Cheibriados.
Cheibriados was pleased with you.
You were not hungry.

You visited 1 branch of the dungeon, and saw 4 of its levels.

You collected 70 gold pieces.

Inventory:

Hand Weapons
 a - a +0 war axe (weapon)
Armour
 c - a +0 shield (worn)
 m - a +1 helmet (worn)
 r - a +0 chain mail (worn)
Scrolls
 e - 2 scrolls of identify {unknown}
 j - a scroll of random uselessness {unknown}
 l - 2 scrolls of remove curse {unknown}
 n - 2 scrolls of magic mapping
 p - 2 scrolls of teleportation {unknown}
Potions
 g - 2 potions of curing {unknown}
 h - 2 potions of lignification {unknown}
 k - a potion of agility {unknown}
Comestibles
 f - a bread ration
 i - 3 royal jellies
 o - 3 meat rations


   Skills:
 - Level 3.0 Fighting
 + Level 4.1 Axes
 - Level 2.4 Armour
 + Level 3.7 Shields
 + Level 2.1 Invocations


You had 4 spell levels left.
You didn't know any spells.

Dungeon Overview and Level Annotations

Branches:
Dungeon (4/15)
 Temple: D:4-7

Altars:
Cheibriados
Dithmenos
Fedhas
Hepliaklqana

Portals:
Ossuary: D:4

Annotations:
D:3 Alarkh's ghost, amateur DsTm
D:4 nikopol's ghost, amateur GrBe


Innate Abilities, Weirdness & Mutations

You cannot wear boots.
Your serpentine skin is tough. (AC +1)
You have supernaturally acute eyesight. (SInv)
Armour fits poorly on your strangely shaped body.
Your system is resistant to poisons. (rPois)
You cover ground very slowly.
You have a slow metabolism.
You can spit poison.


Message History

You closely miss the adder skeleton.
The adder skeleton is severely damaged.
You block the adder skeleton's attack.
You slice the adder skeleton!!
You destroy the adder skeleton!
Cheibriados thoroughly appreciates the change of pace.
You hear the brisk hiss of an avalanche of sand.
You flicker for a moment.
Found a royal jelly.
You open the door.
A mummy comes into view.
Found a sand-covered staircase.
You hit the mummy.
The mummy is lightly damaged.
The mummy hits you.
You closely miss the mummy.
The mummy is lightly damaged.
You flicker back into view.
The mummy hits you.
You die...

#.......... #.%
#.......... #..
##.......... ..#
#........... .# #.#
#........... ..# #.#
#........... .##..# ###.#
##..........
.......##\M.##
##.........
.........###@.#
##........
##.........##..#
###......
#...........#..# ##.....
#.............# ##....
#.............# ###...##
#.............# ##....##
#...$.........# ##....##
#....).........# ##....##
#.....)........####...###


You could see a mummy.

Vanquished Creatures
  An orc priest (D:4)
  An orc wizard (D:4)
  An adder (D:2)
  An adder skeleton (D:4)
  2 worms (D:2)
  3 dart slugs
  3 leopard geckos
  2 orcs (D:4)
  2 ball pythons (D:2)
  2 bats (D:1)
  2 giant cockroaches (D:1)
  6 goblins
  8 hobgoblins
  8 kobolds
  5 frilled lizards
  4 rats
51 creatures vanquished.

Vanquished Creatures (others)
  An orc warrior (D:4)
1 creature vanquished.

Grand Total: 52 creatures vanquished

Notes
Turn   | Place    | Note
-------+----------+-------------------------------------------
     0 | D:1      | Duffy the Naga Fighter began the quest for the Orb.
     0 | D:1      | Reached XP level 1. HP: 21/21 MP: 1/1
    63 | D:1      | Found a snail-covered altar of Cheibriados.
    81 | D:1      | Became a worshipper of Cheibriados the Contemplative
   418 | D:1      | Reached XP level 2. HP: 3/28 MP: 2/2
   934 | D:1      | Reached * piety under Cheibriados
  1014 | D:1      | Reached XP level 3. HP: 31/34 MP: 3/3
  1049 | D:1      | Reached skill level 3 in Axes
  1496 | D:2      | Found a hazy altar of Hepliaklqana.
  1497 | D:2      | Found a shadowy altar of Dithmenos.
  1499 | D:2      | Found a snail-covered altar of Cheibriados.
  1930 | D:2      | Found a shadowy altar of Dithmenos.
  2095 | D:2      | Reached XP level 4. HP: 42/42 MP: 4/4
  2226 | D:2      | Reached ** piety under Cheibriados
  2293 | D:3      | Noticed Alarkh's ghost (amateur DsTm)
  2418 | D:4      | Found a blossoming altar of Fedhas.
  2502 | D:4      | Noticed an orc warrior
  2509 | D:4      | Killed an orc warrior
  2509 | D:4      | Reached skill level 4 in Axes
  2509 | D:4      | Reached skill level 1 in Invocations
  2509 | D:4      | Reached XP level 5. HP: 16/49 MP: 4/6
  2514 | D:4      | HP: 1/49 [orc priest/divine providence (16)]
  2517 | D:4      | Noticed nikopol's ghost (amateur GrBe)
  2525 | D:4      | HP: 1/49 [adder skeleton (3)]
  2533 | D:4      | Found a sand-covered staircase.
  2534 | D:4      | HP: 2/49 [mummy (1)]
  2535 | D:4      | Slain by a mummy

Vault maps used:
D:1:      lightli_arrival_quake, cheibriados_altar_1
D:2:      minitemple, grunt_dithmenos_smoke_and_mirrors
D:3:      uniq_sigmund
D:4:      nicolae_ossuary_entry_giza, fedhas_altar_1, uniq_blork_the_orc,
          uniq_grinder, uniq_robin

Skill      XL: |  1  2  3  4  5 |
---------------+----------------+-----
Axes           | 3 4 |  4.1
Shields        | 3 |  3.7
Invocations    | 1 2 |  2.1
Fighting       | |  3.0
Armour         | |  2.4

Action                   |  1- 3 |  4- 6 || total
-------------------------+-------+-------++-------
Melee: War axe           |   105 |    30 ||   135
 Abil: Spit Poison       |     4 |     1 ||     5
  Use: Potion            |       |     2 ||     2
       Scroll            |       |     1 ||     1
 Stab: Invisible         |       |     2 ||     2
  Eat: Chunk             |     2 |     1 ||     3
Armor: Scale mail        |    40 |    11 ||    51
       Chain mail        |       |     5 ||     5
Dodge: Dodged            |    18 |     5 ||    23
Block: Shield            |    51 |    10 ||    61
